 Dungeon Crawl Stone Soup version 0.30-a0-777-ga9a30cbeda (webtiles) character file.

Game seed: 10676138766556688461

101 Crownlay the Digger (level 4, -4/27 HPs)
             Began as an Octopode Earth Elementalist on Feb 13, 2023.
             Slain by a gnoll
             ... wielding a +0 flail
             ... led by a gnoll bouda
              (9 damage)
             ... on level 4 of the Dungeon.
             The game lasted 00:02:53 (2693 turns).

Crownlay the Digger (Octopode Earth Elementalist)   Turns: 2693, Time: 00:02:53

Health: -4/27      AC:  5    Str:  7    XL:     4   Next: 75%
Magic:  6/8        EV: 13    Int: 19    God:
Gold:   131        SH:  0    Dex: 12    Spells: 5/9 levels left

rFire   x . .      SeeInvis .    h - +0 dagger (venom)
rCold   + . .      Faith    .    (no shield)
rNeg    . . .      Spirit   .    (helmet restricted)
rPois   .          Reflect  .    (no amulet)
rElec   .          Harm     .    e - +4 ring of protection
rCorr   .          Rampage  .    j - ring of willpower
Will    +....                    k - ring of flight
Stlth   +++                      o - ring of ice
HPRegen 0.24/turn                (no ring)
MPRegen 0.11/turn                (no ring)
                                 (no ring)
                                 (no ring)

@: weakened, flying
A: almost no armour, amphibious, 8 rings, camouflage 1, gelatinous body 1,
(nimble swimmer 1), tentacles
a: no special abilities


You were on level 4 of the Dungeon.
You visited 1 branch of the dungeon, and saw 4 of its levels.

You collected 131 gold pieces.

Inventory:

Hand Weapons
 h - a +0 dagger of venom (weapon)
Missiles
 f - a throwing net
Jewellery
 e - a +4 ring of protection (left tentacle)
 j - a ring of willpower (right tentacle)
 k - a ring of flight (on tentacle)
 o - a ring of ice (on tentacle)
Scrolls
 b - 2 scrolls of magic mapping
 c - 3 scrolls of teleportation
 d - a scroll of identify
 g - a scroll of enchant armour {unknown}
 i - 3 scrolls of fog
 n - a scroll of immolation {unknown}
Potions
 a - a potion of magic
 l - a potion of brilliance {unknown}
 m - a potion of mutation {unknown}


   Skills:
 - Level 2.0 Dodging
 + Level 3.1 Stealth
 * Level 3.2 Spellcasting
 + Level 0.8 Conjurations
 - Level 1.0 Transmutations
 * Level 4.1 Earth Magic


You had 5 spell levels left.
You knew the following spells:

 Your Spells              Type           Power      Damage    Failure   Level
a - Sandblast             Erth           36%        2d10      2%          1
b - Stone Arrow           Conj/Erth      24%        3d8       16%         3

Your spell library contained the following spells:

 Spells                   Type           Power      Damage    Failure   Level
 Passwall                 Tmut/Erth      10%        N/A       8%          2
 Momentum Strike          Conj/Tloc      8%         3d8       19%         2
 Blink                    Tloc           6%         N/A       22%         2
 Cigotuvi's Dreadful Rot  Necr/Pois/Air  6%         N/A       22%         2
 Lesser Beckoning         Tloc           6%         N/A       22%         2
 Poisonous Vapours        Pois/Air       6%         N/A       22%         2
 Dazzling Flash           Conj/Hex       8%         N/A       36%         3
 Mephitic Cloud           Conj/Pois/Air  4%         N/A       36%         3
 Petrify                  Tmut/Erth      12%        N/A       45%         4
 Iskenderun's Mystic Bla  Conj/Tloc      4%         2d3       77%         4
 Starburst                Conj/Fire      2%         6d3       100%        6


Dungeon Overview and Level Annotations

Branches:
Dungeon (4/15)
 Temple: D:4-7

Altars:
Sif Muna

Shops:
D:1 [


Innate Abilities, Weirdness & Mutations

You cannot wear most types of armour.
You are amphibious.
You can wear up to eight rings at the same time.
Your skin changes colour to match your surroundings (Stealth+).
Your rubbery body absorbs attacks. (AC +1, EV +1)
((You are camouflaged when in or above water. (Stealth+)))
You have tentacles for arms and can constrict up to eight enemies at once.


Message History

The gnoll bouda attacks as you move away!
The gnoll bouda closely misses you.
Casting: Sandblast (safe; 2% risk of failure)
Confirm with . or Enter, or press ? or * to list all spells.
Aiming: Sandblast (safe; 2% risk of failure)
Press: ? - help, Shift-Dir - straight line, f/p - gnoll bouda
Aim: a gnoll bouda, wielding a +0 club and wearing a +0 robe (heavily wounded, 84% to hit)
The blast of sand hits the gnoll bouda.
The gnoll bouda is heavily wounded.
The gnoll bouda hits you with a +0 club!
* * * LOW HITPOINT WARNING * * *
The gnoll bouda gazes fiercely through you!
You feel your attacks grow feeble. The gnoll bouda closely misses you.
Okay, then.
Okay, then.
The gnoll bouda attacks as you move away!
The gnoll bouda barely misses you.
The gnoll bouda gazes fiercely through you!
You feel as though you will be weak longer.
The gnoll bouda attacks as you move away!
The gnoll bouda barely misses you.
The gnoll is no longer moving quickly.
The gnoll bouda barks out a call to the hunt!
The gnoll picks up the pace!
The gnoll is no longer moving quickly.
The gnoll bouda barks out a call to the hunt!
The gnoll picks up the pace!
The gnoll is no longer moving quickly.
The gnoll hits you with a +0 flail.
* * * LOW HITPOINT WARNING * * *
The gnoll bouda gazes fiercely through you!
You feel as though you will be weak longer.
An iguana comes into view.
The gnoll attacks as you move away! The gnoll closely misses you.
A ball python comes into view.
The iguana hisses angrily.
The gnoll hits you but does no damage. The gnoll hits you with a +0 flail!
You die...

.)......#....#
#.........#g...#
.#.#####.#.#.## .
.............##.
...#.#####.#.......
##.#.#####.g........
.........lg.###..)..
##.#..Sg#...# .....
#......@....# ....
#..#....#..## #+#.
.. #....#.....
#....#.....#
#....#.....+
#...##.#...# #...
#### #...


You could see a gnoll bouda, 2 gnolls and a ball python (wandering).

Vanquished Creatures
  A hound (D:3)
  A gnoll (D:4)
  2 worms (D:2)
  A dart slug (D:1)
  7 endoplasms
  6 goblins
  8 hobgoblins
  2 quokkas
  7 ball pythons
  4 bats
  A frilled lizard (D:3)
  4 kobolds
  6 rats
50 creatures vanquished.

Vanquished Creatures (others)
  A fungus (D:4)
1 creature vanquished.

Grand Total: 51 creatures vanquished

Notes
Turn   | Place    | Note
-------+----------+-------------------------------------------
     0 | D:1      | Crownlay the Octopode Earth Elementalist began the quest
                  | for the Orb.
     0 | D:1      | Reached XP level 1. HP: 11/11 MP: 3/3
   146 | D:1      | Reached XP level 2. HP: 17/17 MP: 3/5
   187 | D:1      | Found Qower's Antique Armour Shoppe.
   744 | D:1      | Reached XP level 3. HP: 21/21 MP: 4/6
  1064 | D:2      | Learned a level 3 spell: Stone Arrow
  2273 | D:3      | Reached skill level 4 in Earth Magic
  2273 | D:3      | Reached XP level 4. HP: 27/27 MP: 4/8
  2496 | D:3      | Found a shimmering blue altar of Sif Muna.
  2693 | D:4      | Slain by a gnoll

Illustrated notes

Levels and vault maps discovered:
D:1:      wander_arrival_peaceful_grave, layout_loops_corners, serial_shops,
          nicolae_shop_behind_doors
D:2:      layout_loops_ring
D:3:      layout_basic, lemuel_blue_sif_altar, minmay_fountain_box,
          kennysheep_generic_room_11
D:4:      layout_basic, mainiacjoe_overflow_cross_hatched, nemelex_altar_shiori

Skill      XL: |  1  2  3 |
---------------+----------+-----
Spellcasting   | 3 |  3.2
Stealth        | 3 |  3.1
Earth Magic    | 4 |  4.1
Dodging        | |  2.0
Conjurations   | |  0.8
Transmutations | |  1.0

Action                     |  1- 3 |  4- 6 || total
---------------------------+-------+-------++-------
  Melee: Unarmed           |     2 |       ||     2
         Constrict         |     1 |       ||     1
         Tentacles         |     1 |       ||     1
         Dagger            |     1 |       ||     1
   Cast: Sandblast         |    54 |     9 ||    63
    Use: Scroll            |       |     3 ||     3
 Armour: Skin              |     2 |     2 ||     4
  Dodge: Dodged            |     6 |     5 ||    11

Table legend: (Time is in decaauts)
 A = Elapsed time spent in this place.
 B = Non-inter-level travel time spent in this place.
 C = Inter-level travel time spent in this place.
 D = Time resting spent in this place.
 E = Time spent auto-exploring this place.
 F = Levels seen in this place.
 G = Mean time per level.
                   A        B        C        D        E       F      G
               +--------+--------+--------+--------+--------+-----+--------+
         Total |   2721 |   2575 |    146 |      0 |   2257 |   4 |  680.2 |
       Dungeon |   2721 |   2575 |    146 |      0 |   2257 |   4 |  680.2 |
               +--------+--------+--------+--------+--------+-----+--------+

Top non-repeatable levels by time:
     D:1: 1044 daAuts
     D:2: 947 daAuts
     D:3: 652 daAuts
     D:4: 77 daAuts
